 Dungeon Crawl Stone Soup version 0.30-a0-368-g86fb4627a9 (webtiles) character file.

Game seed: 2339936226406505289

7 JOEMAMA2 the Trooper (level 1, -2/20 HPs)
             Began as a Minotaur Berserker on Nov 20, 2022.
             Was a Follower of Trog.
             Slain by a kobold
             ... wielding a +0 whip
              (5 damage)
             ... on level 1 of the Dungeon.
             The game lasted 00:00:18 (141 turns).

JOEMAMA2 the Trooper (Minotaur Berserker)            Turns: 141, Time: 00:00:19

Health: -2/20      AC:  2    Str: 21    XL:     1   Next: 91%
Magic:  0/0        EV:  9    Int:  4    God:    Trog [*.....]
Gold:   29         SH:  0    Dex:  9    Spells: 0/0 levels left

rFire   . . .      SeeInvis .    a - +0 hand axe
rCold   . . .      Faith    .    (no shield)
rNeg    . . .      Spirit   .    b - +0 animal skin
rPois   .          Reflect  .    (helmet restricted)
rElec   .          Harm     .    (no cloak)
rCorr   .          Rampage  .    (no gloves)
Will    .....                    (no boots)
Stlth   +.........               (no amulet)
HPRegen 0.23/turn                (no ring)
MPRegen 0.07/turn                (no ring)

@: constricted
A: horns 2, retaliatory headbutt
a: Renounce Religion, Berserk


You were on level 1 of the Dungeon.
You worshipped Trog.
Trog was aware of your devotion.
You visited 1 branch of the dungeon, and saw 1 of its levels.

You collected 29 gold pieces.

Inventory:

Hand Weapons
 a - a +0 hand axe (weapon)
Armour
 b - a +0 animal skin (worn)
Scrolls
 c - a scroll of identify {unknown}


   Skills:
 + Level 3.9 Fighting
 + Level 3.9 Axes
 + Level 2.5 Armour
 + Level 2.2 Dodging


You couldn't memorise any spells.
You didn't know any spells.
Your spell library was empty.

Dungeon Overview and Level Annotations

Branches:
Dungeon (1/15)

Altars:


Innate Abilities, Weirdness & Mutations

You have a pair of horns on your head.
You reflexively headbutt those who attack you in melee.


Message History

The bat barely misses you. You furiously retaliate!
You headbutt the bat!
You kill the bat!
Trog accepts your kill. The goblin barely misses you. You furiously retaliate!
You headbutt the goblin, but do no damage.
You hit the goblin.
The goblin is heavily wounded.
The goblin hits you with a +0 club.
You closely miss the goblin.
The goblin is heavily wounded.
The goblin hits you with a +0 club.
You miss the goblin.
The goblin is heavily wounded.
You hit the kobold. The kobold closely misses you.
The goblin hits you with a +0 club. The ball python closely misses you.
The ball python grabs you. The ball python constricts you.
You completely miss the goblin.
The goblin is heavily wounded.
You barely miss the kobold. You barely miss the ball python.
A rat comes into view.
The kobold hits you with a +0 whip. The goblin completely misses you.
The ball python bites you but does no damage.
The ball python constricts you.
You barely miss the kobold. Your headbutt misses the kobold.
The kobold is moderately wounded.
You hit the hobgoblin.
You kill the hobgoblin!
Trog accepts your kill.
You barely miss the ball python. You closely miss the goblin.
The kobold hits you but does no damage. The goblin hits you with a +0 club.
* * * LOW HITPOINT WARNING * * *
The ball python bites you but does no damage.
The ball python constricts you.
* * * LOW HITPOINT WARNING * * *
The goblin barely misses you. The goblin hits you with a +0 dagger.
* * * LOW HITPOINT WARNING * * *
The hobgoblin hits you.
* * * LOW HITPOINT WARNING * * *
The kobold hits you with a +0 whip.
You die...

...........# ..)........#
...........# ..r........#
...........# ...........#
......SKg..# ..
......g@g..# #.
...........#
###.###.........##
#.....##.........# ####
#..[..#.......##.##...
#.....#..#######..#.#####
#.(...#.#######.)........
#.....†........[#..#.###
#.....#..............###


You could see a hobgoblin, 2 goblins, a ball python, a kobold and a rat.

Vanquished Creatures
  2 bats (D:1)
  An endoplasm (D:1)
  A giant cockroach (D:1)
  A hobgoblin (D:1)
  A ball python (D:1)
  2 kobolds (D:1)
  A rat (D:1)
9 creatures vanquished.

Notes
Turn   | Place    | Note
-------+----------+-------------------------------------------
     0 | D:1      | JOEMAMA2 the Minotaur Berserker began the quest for the
                  | Orb.
     0 | D:1      | Reached XP level 1. HP: 19/19 MP: 0/0
   141 | D:1      | Slain by a kobold

Illustrated notes

Levels and vault maps discovered:
D:1:      dpeg_arrival_tiny_i, layout_rooms

Action                   || total
-------------------------++-------
Melee: Hand axe          ||    18
       Headbutt          ||     2
Armor: Animal skin       ||     7
Dodge: Dodged            ||    20

Table legend: (Time is in decaauts)
 A = Elapsed time spent in this place.
 B = Non-inter-level travel time spent in this place.
 C = Inter-level travel time spent in this place.
 D = Time resting spent in this place.
 E = Time spent auto-exploring this place.
 F = Levels seen in this place.
 G = Mean time per level.
                   A        B        C        D        E       F      G
               +--------+--------+--------+--------+--------+-----+--------+
         Total |    142 |    142 |      0 |      0 |     88 |   1 |  142.0 |
       Dungeon |    142 |    142 |      0 |      0 |     88 |   1 |  142.0 |
               +--------+--------+--------+--------+--------+-----+--------+

Top non-repeatable levels by time:
     D:1: 142 daAuts
